[ PARTIDA AOE2 · #508381930 ]
UnrankedVietnamitas vs Cumans
Equipo del jugador · DERR
Equipo rival · VICT
[ ANÁLISIS DE REPETICIÓN · EXTRAÍDO DE LA PARTIDA GRABADA ]
Feudal
9:16
Castillos
20:08
Imperial
39:06
| APM promedio | 66.4 |
| APM pico | 93 |
| eAPM promedio | 33.9 |
| Aldeanos / militares | 140 / 170 |
Foco
⚔️ 41.4% · 🌾 58.6%
Archer ×126 · Spearman ×25 · Mangonel ×7 · Monk ×6 · Militia ×3 · Skirmisher ×1
Feudal
9:20
Castillos
19:24
Imperial
38:18
| APM promedio | 48.8 |
| APM pico | 86 |
| eAPM promedio | 29.7 |
| Aldeanos / militares | 157 / 94 |
Foco
⚔️ 32.9% · 🌾 67.1%
Knight ×78 · Mangonel ×7 · Kipchak ×4 · Trebuchet (Packed) ×3 · Scorpion ×1 · Battering Ram ×1
Mapa de la partida
Recursos iniciales + cada clic de construcción. Líneas = muros · curvas = relieve. ◆ oro · ⬟ piedra · ● bayas · ✦ reliquia · ◌ hueco del cierre
Tu base· Abierta — flanco sin cerrar
Base de LilyBear· Abierta — hueco de 11t
Terreno inicial suavizado · ◌ = hueco del cierre detectado · pasá el cursor para detalles
Inputs por minuto
— Road to 2k - - LilyBear
Build order — Road to 2k
Primeras 150 de 509 acciones detectadas
| 0:00 | Encolar | Villager (Male) |
| 0:00 | Encolar | Villager (Male) |
| 0:02 | Construir | House |
| 0:02 | Construir | House |
| 0:08 | Encolar | Villager (Male) |
| 0:12 | Encolar | Villager (Male) |
| 1:30 | Encolar | Villager (Male) |
| 2:02 | Encolar | Villager (Male) |
| 2:03 | Encolar | Villager (Male) |
| 2:14 | Construir | Lumber Camp |
| 2:30 | Encolar | Villager (Male) |
| 2:55 | Encolar | Villager (Male) |
| 2:56 | Encolar | Villager (Male) |
| 2:56 | Encolar | Villager (Male) |
| 2:56 | Encolar | Villager (Male) |
| 3:22 | Construir | House |
| 3:39 | Encolar | Villager (Male) |
| 3:43 | Encolar | Villager (Male) |
| 4:06 | Encolar | Villager (Male) |
| 4:58 | Encolar | Villager (Male) |
| 4:58 | Encolar | Villager (Male) |
| 4:59 | Encolar | Villager (Male) |
| 5:13 | Encolar | Villager (Male) |
| 5:21 | Construir | Barracks |
| 5:26 | Encolar | Villager (Male) |
| 5:31 | Construir | Barracks |
| 5:34 | Encolar | Villager (Male) |
| 6:06 | Construir | House |
| 6:12 | Investigar | Loom |
| 6:41 | Investigar | Loom |
| 7:02 | Construir | Mining Camp |
| 7:03 | Investigar | Feudal Age |
| 7:03 | Investigar | Feudal Age |
| 7:09 | Encolar | Militia |
| 7:29 | Encolar | Militia |
| 7:36 | Encolar | Militia |
| 8:26 | Encolar | Villager (Male) |
| 8:28 | Construir | House |
| 8:35 | Construir | Mill |
| 9:00 | Construir | Mill |
| 9:16 | Edad | Edad Feudal |
| 9:18 | Investigar | Man-at-Arms (upgrade) |
| 9:34 | Encolar | Villager (Male) |
| 9:37 | Construir | Farm |
| 9:42 | Construir | Farm |
| 10:06 | Encolar | Villager (Male) |
| 10:17 | Investigar | Double-Bit Axe |
| 10:36 | Encolar | Villager (Male) |
| 10:37 | Encolar | Villager (Male) |
| 10:46 | Construir | House |
| 11:07 | Encolar | Villager (Male) |
| 11:09 | Encolar | Villager (Male) |
| 11:11 | Construir | Archery Range |
| 11:38 | Encolar | Villager (Male) |
| 11:47 | Construir | Farm |
| 11:50 | Construir | Farm |
| 11:52 | Construir | Farm |
| 12:07 | Encolar | Archer |
| 12:18 | Encolar | Archer |
| 12:18 | Encolar | Villager (Male) |
| 12:24 | Construir | Blacksmith |
| 12:34 | Encolar | Villager (Male) |
| 12:35 | Encolar | Archer |
| 12:55 | Investigar | Fletching |
| 12:58 | Construir | House |
| 13:00 | Construir | House |
| 13:03 | Encolar | Villager (Male) |
| 13:12 | Encolar | Villager (Male) |
| 13:27 | Construir | Farm |
| 13:27 | Encolar | Villager (Male) |
| 13:32 | Construir | Palisade Wall |
| 13:33 | Construir | Palisade Wall |
| 13:44 | Encolar | Archer |
| 13:46 | Construir | Farm |
| 13:48 | Encolar | Villager (Male) |
| 13:55 | Encolar | Villager (Male) |
| 14:04 | Construir | Lumber Camp |
| 14:19 | Encolar | Archer |
| 14:26 | Encolar | Villager (Male) |
| 14:32 | Encolar | Villager (Male) |
| 14:36 | Construir | Farm |
| 14:53 | Encolar | Villager (Male) |
| 14:54 | Encolar | Archer |
| 15:02 | Construir | Farm |
| 15:03 | Construir | Farm |
| 15:22 | Construir | Farm |
| 15:28 | Encolar | Archer |
| 15:29 | Encolar | Villager (Male) |
| 15:32 | Construir | House |
| 15:47 | Construir | Farm |
| 15:51 | Construir | Farm |
| 16:09 | Encolar | Archer |
| 16:09 | Encolar | Archer |
| 16:10 | Encolar | Villager (Male) |
| 16:42 | Construir | Farm |
| 17:14 | Construir | Farm |
| 17:16 | Encolar | Villager (Male) |
| 17:21 | Construir | Archery Range |
| 17:28 | Investigar | Castle Age |
| 17:34 | Construir | House |
| 17:36 | Construir | House |
| 17:57 | Encolar | Archer |
| 17:57 | Encolar | Archer |
| 17:59 | Investigar | Gold Mining |
| 18:10 | Construir | Lumber Camp |
| 18:17 | Encolar | Archer |
| 18:41 | Encolar | Archer |
| 18:57 | Encolar | Archer |
| 19:11 | Encolar | Villager (Male) |
| 19:20 | Investigar | Wheelbarrow |
| 19:25 | Encolar | Archer |
| 19:37 | Encolar | Archer |
| 19:48 | Encolar | Archer |
| 20:08 | Edad | Edad de los Castillos |
| 20:11 | Investigar | Crossbowman (upgrade) |
| 20:17 | Construir | House |
| 20:40 | Encolar | Spearman |
| 20:41 | Investigar | Bodkin Arrow |
| 20:44 | Construir | Siege Workshop |
| 20:49 | Encolar | Villager (Male) |
| 20:51 | Encolar | Villager (Male) |
| 20:55 | Construir | House |
| 20:57 | Construir | Palisade Wall |
| 21:03 | Construir | Monastery |
| 21:04 | Construir | Palisade Wall |
| 21:06 | Construir | House |
| 21:13 | Encolar | Villager (Male) |
| 21:14 | Construir | Palisade Wall |
| 21:15 | Construir | Palisade Wall |
| 21:17 | Construir | Palisade Wall |
| 21:20 | Construir | House |
| 21:26 | Construir | House |
| 21:27 | Construir | House |
| 21:28 | Construir | House |
| 21:33 | Construir | Palisade Wall |
| 21:41 | Encolar | Mangonel |
| 21:42 | Encolar | Villager (Male) |
| 21:53 | Encolar | Villager (Male) |
| 22:13 | Investigar | Bow Saw |
| 22:17 | Encolar | Villager (Male) |
| 22:22 | Encolar | Spearman |
| 22:33 | Encolar | Villager (Male) |
| 22:33 | Encolar | Villager (Male) |
| 22:34 | Encolar | Villager (Male) |
| 22:38 | Construir | Palisade Wall |
| 22:40 | Construir | Palisade Wall |
| 22:40 | Construir | Palisade Wall |
| 22:42 | Construir | Palisade Wall |
| 22:45 | Construir | Palisade Wall |
| 22:51 | Encolar | Villager (Male) |
Build order — LilyBear
Primeras 150 de 424 acciones detectadas
| 0:00 | Encolar | Villager (Male) |
| 0:01 | Construir | House |
| 0:02 | Construir | House |
| 0:07 | Encolar | Villager (Male) |
| 0:10 | Encolar | Villager (Male) |
| 0:11 | Encolar | Villager (Male) |
| 1:22 | Encolar | Villager (Male) |
| 1:59 | Construir | Lumber Camp |
| 2:04 | Encolar | Villager (Male) |
| 2:29 | Encolar | Villager (Male) |
| 2:52 | Encolar | Villager (Male) |
| 2:52 | Encolar | Villager (Male) |
| 3:04 | Encolar | Villager (Male) |
| 3:41 | Encolar | Villager (Male) |
| 3:41 | Encolar | Villager (Male) |
| 3:46 | Construir | House |
| 4:11 | Construir | Palisade Wall |
| 4:12 | Construir | Palisade Wall |
| 4:20 | Construir | House |
| 4:33 | Encolar | Villager (Male) |
| 4:58 | Encolar | Villager (Male) |
| 5:19 | Encolar | Villager (Male) |
| 5:48 | Encolar | Villager (Male) |
| 6:16 | Investigar | Loom |
| 6:28 | Construir | Palisade Wall |
| 6:44 | Encolar | Villager (Male) |
| 6:44 | Encolar | Villager (Male) |
| 6:48 | Construir | Mill |
| 7:10 | Investigar | Feudal Age |
| 7:15 | Construir | Palisade Wall |
| 7:21 | Construir | Palisade Wall |
| 8:06 | Construir | Palisade Wall |
| 8:39 | Construir | House |
| 9:03 | Encolar | Villager (Male) |
| 9:20 | Edad | Edad Feudal |
| 9:22 | Construir | Town Center |
| 9:26 | Construir | Palisade Wall |
| 9:31 | Construir | Palisade Wall |
| 9:35 | Encolar | Villager (Male) |
| 9:36 | Investigar | Horse Collar |
| 9:39 | Investigar | Double-Bit Axe |
| 9:39 | Investigar | Double-Bit Axe |
| 9:40 | Investigar | Horse Collar |
| 9:40 | Investigar | Horse Collar |
| 10:41 | Encolar | Villager (Male) |
| 10:41 | Encolar | Villager (Male) |
| 10:53 | Encolar | Villager (Male) |
| 11:09 | Construir | Farm |
| 11:12 | Construir | House |
| 11:12 | Encolar | Villager (Male) |
| 11:13 | Encolar | Villager (Male) |
| 11:30 | Construir | Farm |
| 11:30 | Construir | Farm |
| 11:34 | Construir | Farm |
| 11:36 | Encolar | Villager (Male) |
| 11:48 | Construir | Farm |
| 11:50 | Construir | Farm |
| 11:53 | Construir | House |
| 11:59 | Construir | House |
| 12:03 | Construir | Farm |
| 12:07 | Encolar | Villager (Male) |
| 12:11 | Construir | House |
| 12:12 | Construir | House |
| 12:31 | Construir | House |
| 12:31 | Encolar | Villager (Male) |
| 12:32 | Encolar | Villager (Male) |
| 12:32 | Construir | Farm |
| 12:37 | Encolar | Villager (Male) |
| 12:50 | Construir | Farm |
| 12:58 | Construir | Farm |
| 13:03 | Encolar | Villager (Male) |
| 13:09 | Construir | Farm |
| 13:13 | Encolar | Villager (Male) |
| 13:22 | Encolar | Villager (Male) |
| 13:28 | Construir | Farm |
| 13:32 | Construir | House |
| 13:43 | Construir | Farm |
| 13:44 | Encolar | Villager (Male) |
| 13:56 | Encolar | Villager (Male) |
| 14:22 | Construir | Blacksmith |
| 14:23 | Encolar | Villager (Male) |
| 14:23 | Encolar | Villager (Male) |
| 14:31 | Encolar | Villager (Male) |
| 14:32 | Encolar | Villager (Male) |
| 15:25 | Construir | Market |
| 15:40 | Construir | House |
| 15:41 | Construir | House |
| 16:27 | Construir | House |
| 16:44 | Investigar | Castle Age |
| 16:44 | Investigar | Castle Age |
| 16:52 | Construir | House |
| 16:56 | Encolar | Villager (Male) |
| 17:15 | Encolar | Villager (Male) |
| 17:20 | Construir | Barracks |
| 17:39 | Construir | House |
| 18:04 | Construir | Stable |
| 18:06 | Investigar | Scale Barding Armor |
| 18:08 | Investigar | Forging |
| 18:08 | Investigar | Forging |
| 18:22 | Construir | Farm |
| 18:23 | Construir | Farm |
| 18:33 | Construir | Lumber Camp |
| 18:47 | Investigar | Bloodlines |
| 18:47 | Investigar | Bloodlines |
| 19:00 | Construir | Stable |
| 19:05 | Encolar | Villager (Male) |
| 19:10 | Construir | Farm |
| 19:22 | Encolar | Villager (Male) |
| 19:24 | Edad | Edad de los Castillos |
| 19:26 | Encolar | Knight |
| 19:39 | Encolar | Knight |
| 19:45 | Encolar | Knight |
| 19:52 | Encolar | Villager (Male) |
| 20:01 | Construir | Farm |
| 20:03 | Construir | Farm |
| 20:05 | Construir | Farm |
| 20:06 | Encolar | Knight |
| 20:19 | Construir | Siege Workshop |
| 20:20 | Encolar | Villager (Male) |
| 20:34 | Encolar | Villager (Male) |
| 20:42 | Construir | Farm |
| 20:48 | Encolar | Villager (Male) |
| 20:58 | Encolar | Scorpion |
| 21:04 | Encolar | Villager (Male) |
| 21:04 | Encolar | Villager (Male) |
| 21:11 | Encolar | Villager (Male) |
| 21:12 | Construir | House |
| 21:13 | Construir | House |
| 21:40 | Encolar | Villager (Male) |
| 21:42 | Encolar | Knight |
| 21:46 | Encolar | Mangonel |
| 22:02 | Encolar | Villager (Male) |
| 22:15 | Construir | Lumber Camp |
| 22:30 | Encolar | Villager (Male) |
| 22:35 | Encolar | Knight |
| 22:36 | Encolar | Knight |
| 22:38 | Encolar | Villager (Male) |
| 22:41 | Construir | Mining Camp |
| 22:48 | Encolar | Villager (Male) |
| 22:59 | Encolar | Villager (Male) |
| 23:10 | Encolar | Knight |
| 23:11 | Encolar | Knight |
| 23:13 | Investigar | Gold Mining |
| 23:20 | Encolar | Villager (Male) |
| 23:28 | Construir | Market |
| 23:31 | Encolar | Villager (Male) |
| 23:49 | Encolar | Knight |
| 23:49 | Encolar | Knight |
| 23:58 | Construir | Outpost |
| 24:00 | Encolar | Villager (Male) |
Cronología de la partida
| 4:11 | LilyBear · wall_segment Palisade Wall x2 |
| 4:12 | LilyBear · wall_segment Palisade Wall x5 |
| 5:21 | Road to 2k · first_building Barracks |
| 6:28 | LilyBear · wall_segment Palisade Wall x4 |
| 7:15 | LilyBear · wall_segment Palisade Wall x4 |
| 7:21 | LilyBear · wall_segment Palisade Wall x6 |
| 8:06 | LilyBear · wall_segment Palisade Wall x6 |
| 9:16 | Road to 2k · age_up feudal |
| 9:20 | LilyBear · age_up feudal |
| 9:26 | LilyBear · wall_segment Palisade Wall x1 |
| 9:31 | LilyBear · wall_segment Palisade Wall x1 |
| 11:11 | Road to 2k · first_building Archery Range |
| 13:32 | Road to 2k · wall_segment Palisade Wall x3 |
| 13:33 | Road to 2k · wall_segment Palisade Wall x1 |
| 16:12 | LilyBear · first_market_sell 100 wood |
| 17:20 | LilyBear · first_building Barracks |
| 18:04 | LilyBear · first_building Stable |
| 19:24 | LilyBear · age_up castle |
| 20:08 | Road to 2k · age_up castle |
| 20:19 | LilyBear · first_building Siege Workshop |
| 20:44 | Road to 2k · first_building Siege Workshop |
| 20:57 | Road to 2k · wall_segment Palisade Wall x1 |
| 21:03 | Road to 2k · first_building Monastery |
| 21:04 | Road to 2k · wall_segment Palisade Wall x1 |
| 21:14 | Road to 2k · wall_segment Palisade Wall x1 |
| 21:15 | Road to 2k · wall_segment Palisade Wall x1 |
| 21:17 | Road to 2k · wall_segment Palisade Wall x1 |
| 21:33 | Road to 2k · wall_segment Palisade Wall x1 |
| 22:38 | Road to 2k · wall_segment Palisade Wall x1 |
| 22:40 | Road to 2k · wall_segment Palisade Wall x1 |
| 22:40 | Road to 2k · wall_segment Palisade Wall x1 |
| 22:42 | Road to 2k · wall_segment Palisade Wall x1 |
| 22:45 | Road to 2k · wall_segment Palisade Wall x1 |
| 24:04 | Road to 2k · wall_segment Palisade Wall x1 |
| 24:05 | Road to 2k · wall_segment Palisade Wall x1 |
| 26:04 | LilyBear · first_market_buy 100 food |
| 31:01 | Road to 2k · first_market_sell 500 food |
| 31:02 | Road to 2k · first_market_buy 100 wood |
| 31:16 | LilyBear · first_building Castle |
| 38:18 | LilyBear · age_up imperial |
| 39:06 | Road to 2k · age_up imperial |
| 41:06 | Road to 2k · first_building Castle |
| 43:14 | Road to 2k · wall_segment Palisade Wall x1 |
| 44:16 | LilyBear · first_building Archery Range |
| 44:42 | Road to 2k · resign |
[ ANÁLISIS IA · 1 CRÉDITO ]
¿Qué pasó realmente en esta partida?
Wolo.gg analiza cada decisión: build order, eco, micro, errores típicos por bracket. Análisis personalizado por WhatsApp o Discord en 30 segundos.
Guía civ
Vietnamitas
Perfil
Road to 2k